 Dungeon Crawl Stone Soup version 0.28-a0-664-gc179e30c89 (webtiles) character file.

Game seed: 7490074545631263739

252 Irenicus the Geomancer (level 5, -13/42 HPs)
             Began as a Deep Dwarf Earth Elementalist on Oct 15, 2021.
             Mangled by a two-headed ogre (18 damage)
             ... on level 5 of the Dungeon.
             The game lasted 00:10:01 (1497 turns).

Irenicus the Geomancer (DDEE)                       Turns: 1497, Time: 00:10:02

Health: -13/42     AC:  6    Str: 12    XL:     5   Next: 89%
Magic:  0/7        EV: 12    Int: 16    God:
Gold:   94         SH:  0    Dex: 13    Spells: 1/7 levels left

rFire   . . .      SeeInvis .   g - staff of earth {!a}
rCold   . . .      Faith    .   (no shield)
rNeg    . . .      Spirit   .   h - +0 leather armour
rPois   .          Reflect  .   (no helmet)
rElec   .          Harm     .   (no cloak)
rCorr   .          Rampage  .   (no gloves)
Will    .....                   a - +2 pair of boots
Stlth   ++........              (no amulet)
HPRegen 0.00/turn               (no ring)
MPRegen 0.10/turn               (no ring)

@: no status effects
A: damage resistance, heal wounds, sense surroundings 1, no regeneration
a: Heal Wounds


You were on level 5 of the Dungeon.
You visited 1 branch of the dungeon, and saw 5 of its levels.

You collected 121 gold pieces.
You spent 27 gold pieces at shops.


Innate Abilities, Weirdness & Mutations

You are resistant to damage.
You can heal yourself by infusing magical energy.
You passively map a small area around you.
You do not regenerate.


   Skills:
 - Level 2.1 Dodging
 - Level 2.4 Stealth
 - Level 1.7 Spellcasting
 - Level 0.8 Transmutations
 + Level 8.8 Earth Magic


You had one spell level left.
You knew the following spells:

 Your Spells              Type           Power      Damage    Failure   Level
t - Stone Arrow           Conj/Erth      46%        3d9       13%         3
w - Passwall              Tmut/Erth      20%        N/A       5%          2
z - Sandblast             Erth           88%        2d18      1%          1

Your spell library contained the following spells:

 Spells                   Type           Power      Damage    Failure   Level
 Petrify                  Tmut/Erth      25%        N/A       36%         4

Inventory:

Hand Weapons
 d - a +0 dagger
Missiles
 c - 26 stones
Armour
 a - a +2 pair of boots (worn)
 h - a +0 leather armour (worn)
Magical Staves
 g - a staff of earth (weapon) {!a}
 p - a staff of air {!a}
Scrolls
 b - 4 scrolls of identify {@r1}
 k - a scroll of enchant armour {unknown}
 m - 3 scrolls of teleportation {unknown}
 q - a scroll of amnesia {unknown}
Potions
 e - a potion of cancellation
 f - 3 potions of curing {unknown}
 i - 2 potions of mutation {unknown}
 j - a potion of lignification {unknown}
 l - a potion of attraction {unknown}
 o - a potion of ambrosia {unknown}
 r - 2 potions of degeneration {unknown}

Dungeon Overview and Level Annotations

Branches:
Dungeon (5/15)
 Temple: D:4-7

Altars:
Sif Muna
The Shining One

Shops:
D:3

* * ##, * ## , * #.# #.#
##+## *#>###.# ##...## *
* #.#.## ##.....## #.#.##
##.......## *
#.####....####.........#
..............'.).......+
,
##.........O###.........#
#...##.#.#@# ##.......##
, ..... #§#§#.# ##.....##
, ..#.[##§#§#.# ##...## .
#.....§§<.# ##'##
,#.###§#§### #.# ,.§§ *
#.# , ,....., * * *#.# *
#......, ............#
#...... *.#.##........#


You could see a two-headed ogre.


Message History

Aim: a two-headed ogre, wielding two +0 giant clubs (heavily wounded, 92% to hit)
You feel a surge of power!
The blast of sand hits the two-headed ogre.
The two-headed ogre is heavily wounded.
The two-headed ogre closely misses you. x2
There is an open door here.
Casting: Sandblast (safe; 1% risk of failure)
Confirm with . or Enter, or press ? or * to list all spells.
Aiming: Sandblast (safe; 1% risk of failure)
Press: ? - help, Shift-Dir - straight line, f/p - two-headed ogre
Aim: a two-headed ogre, wielding two +0 giant clubs (heavily wounded, 92% to hit)
You feel a surge of power!
The blast of sand hits the two-headed ogre.
The two-headed ogre is severely wounded.
The two-headed ogre closely misses you.
The two-headed ogre hits you with a +0 giant club!
There is an open door here.
Casting: Sandblast (safe; 1% risk of failure)
Confirm with . or Enter, or press ? or * to list all spells.
Aiming: Sandblast (safe; 1% risk of failure)
Press: ? - help, Shift-Dir - straight line, f/p - two-headed ogre
Aim: a two-headed ogre, wielding two +0 giant clubs (heavily wounded, 92% to hit)
You feel a surge of power!
The blast of sand hits the two-headed ogre!
The two-headed ogre is almost dead.
The two-headed ogre hits you with a +0 giant club!!
Ouch! That really hurt!
* * * LOW HITPOINT WARNING * * *
The two-headed ogre hits you with a +0 giant club!!
You die...

Skill      XL: |  1  2  3  4  5 |
---------------+----------------+-----
Earth Magic    | 5 6 7 8 |  8.8
Dodging        | |  2.1
Stealth        | |  2.4
Spellcasting   | |  1.7
Transmutations | |  0.8

Action                   |  1- 3 |  4- 6 || total
-------------------------+-------+-------++-------
Melee: Dagger            |    26 |    26 ||    52
 Cast: Sandblast         |    36 |    30 ||    66
       Passwall          |     4 |     4 ||     8
       Stone Arrow       |       |     1 ||     1
  Use: Scroll            |       |     4 ||     4
 Stab: Sleeping          |     7 |     3 ||    10
Armor: Robe              |    14 |       ||    14
       Leather armour    |     1 |    11 ||    12
Dodge: Dodged            |    32 |    24 ||    56

Levels and vault maps discovered:
D:1:      lemuel_arrival_broad_hall, layout_rooms, serial_bayou_pond_a,
          minmay_misc_feat_room, bh_walls_and_bars
D:2:      layout_loops_cross, basic_altar
D:3:      layout_loops_ring, serial_shops, shop,
          shapermc_ecumenical_altar_mp_vishouse
D:4:      layout_rooms, tso_altar, uniq_eustachio
D:5:      layout_loops_corners

Notes
Turn   | Place    | Note
-------+----------+-------------------------------------------
     0 | D:1      | Irenicus the Deep Dwarf Earth Elementalist began the quest
                  | for the Orb.
     0 | D:1      | Reached XP level 1. HP: 15/15 MP: 3/3
    79 | D:1      | Reached XP level 2. HP: 22/22 MP: 0/4
   143 | D:1      | Reached skill level 5 in Earth Magic
   312 | D:1      | Reached XP level 3. HP: 28/28 MP: 2/5
   437 | D:1      | Learned a level 2 spell: Passwall
   488 | D:2      | Found a shimmering blue altar of Sif Muna.
   699 | D:2      | Reached skill level 6 in Earth Magic
   806 | D:2      | Reached XP level 4. HP: 36/36 MP: 2/6
   887 | D:3      | Found Xeth's General Store.
   902 | D:3      | Bought 21 stones for 27 gold pieces
  1010 | D:3      | Found a faded altar of an unknown god.
  1023 | D:3      | Reached skill level 7 in Earth Magic
  1301 | D:4      | Reached XP level 5. HP: 38/42 MP: 0/7
  1360 | D:4      | Found a glowing golden altar of the Shining One.
  1390 | D:4      | Noticed an ogre
  1394 | D:4      | Killed an ogre
  1395 | D:4      | Reached skill level 8 in Earth Magic
  1401 | D:4      | Learned a level 3 spell: Stone Arrow
  1422 | D:5      | Entered Level 5 of the Dungeon
  1430 | D:5      | Identified a scroll of acquirement
  1430 | D:5      | Acquired a staff of earth
  1455 | D:5      | Noticed a two-headed ogre
  1497 | D:5      | Mangled by a two-headed ogre

Vanquished Creatures
  An ogre (D:4)
  A howler monkey (D:4)
  6 adders
  3 worms
  A dart slug (D:3)
  3 endoplasms (D:1)
  2 giant cockroaches
  3 goblins
  6 hobgoblins
  3 jackals (D:4)
  2 quokkas
  9 ball pythons
  8 bats
  4 frilled lizards
  6 kobolds
  4 rats
62 creatures vanquished.

Table legend: (Time is in decaauts)
 A = Elapsed time spent in this place.
 B = Non-inter-level travel time spent in this place.
 C = Inter-level travel time spent in this place.
 D = Time resting spent in this place.
 E = Time spent auto-exploring this place.
 F = Levels seen in this place.
 G = Mean time per level.
                   A        B        C        D        E       F      G
               +--------+--------+--------+--------+--------+-----+--------+
         Total |   1502 |   1468 |     34 |      0 |      0 |   5 |  300.4 |
       Dungeon |   1502 |   1468 |     34 |      0 |      0 |   5 |  300.4 |
               +--------+--------+--------+--------+--------+-----+--------+

Top non-repeatable levels by time:
     D:1: 480 daAuts
     D:3: 455 daAuts
     D:2: 348 daAuts
     D:4: 139 daAuts
     D:5: 77 daAuts

Table legend:
 A = Non-vault XP
 B = Vault XP
 C = Vault XP percentage of total XP
 D = Non-vault monster count
 E = Vault monster count
 F = Vault count percentage of total count
                 A         B        C        D         E       F
            +---------+---------+-------+---------+---------+-------
      Total |     360 |       0 |   0.0 |      62 |       0 |   0.0
            +---------+---------+-------+---------+---------+-------
        D:1 |      44 |       0 |   0.0 |      30 |       0 |   0.0
        D:2 |      56 |       0 |   0.0 |      10 |       0 |   0.0
        D:3 |      54 |       0 |   0.0 |      14 |       0 |   0.0
        D:4 |     206 |       0 |   0.0 |       8 |       0 |   0.0
            +---------+---------+-------+---------+---------+-------
